 Dungeon Crawl Stone Soup version 0.31-a0-365-gcf821cafb2 (webtiles) character file.

Game seed: 15892119763290118873

20602 Maxmaps the Prestidigitator (level 12, -5/82 HPs)
             Began as an Octopode Shapeshifter on July 27, 2023.
             Was an Initiate of Gozag.
             Slain by a fire elemental (12 damage)
             ... summoned by a deep elf pyromancer
             ... on level 12 of the Dungeon.
             The game lasted 00:20:48 (11357 turns).

Maxmaps the Prestidigitator (OpSh)                 Turns: 11357, Time: 00:20:49

Health: -5/82      AC:  5    Str: 15    XL:     12   Next: 81%
Magic:  12/12      EV: 22    Int: 21    God:    Gozag
Gold:   1583       SH:  6    Dex: 18    Spells: 11/11 levels left

rFire   . .          .
                       - Unarmed
rCold   + . .        C - +0 buckler
rNeg    . . .        (helmet currently unavailable)
rPois   .            d - amulet of Brawling {Regen+ Slay+2}
rElec   .            h - +5 ring of evasion
rCorr   .            i - ring of protection from cold
SInv    .            k - +4 ring of protection
Will    .....        c - ring of wizardry
Stlth   +++++        D - +6 ring of intelligence
HPRegen 1.13/turn    G - +6 ring of dexterity
MPRegen 0.13/turn    (no ring)
                     (no ring)

%: wizardry (x1)
@: beast-form, on berserk cooldown, hasted and slowed
A: beast (slay +6), almost no armour, amphibious, 8 rings, camouflage 1,
gelatinous body 1, (nimble swimmer 1), tentacles
a: Begin Untransformation, Renounce Religion, Potion Petition, Call Merchant,
Bribe Branch


You were on level 12 of the Dungeon.
You worshipped Gozag.
Gozag was most pleased with you.
You were a hulking beast.
You visited 1 branch of the dungeon, and saw 12 of its levels.
You also visited: Ossuary.

You collected 2430 gold pieces.
You paid 847 gold pieces to Gozag.

Inventory:

Missiles
 f - 2 throwing nets
Armour
 C - a +0 buckler (worn)
Jewellery
 c - a ring of wizardry (on tentacle)
 d - the amulet of Brawling (around mantle) {Regen+ Slay+2}
   (You acquired it on level 6 of the Dungeon)

   [amulet of regeneration]

   Slay:      It affects your accuracy & damage with ranged weapons and melee
   (+2).
   Regen:     It increases your rate of health regeneration.
 h - a +5 ring of evasion (left tentacle)
 i - a ring of protection from cold (right tentacle)
 k - a +4 ring of protection (on tentacle)
 D - a +6 ring of intelligence (on tentacle)
 G - a +6 ring of dexterity (on tentacle)
Talismans
 b - a beast talisman
Wands
 e - a wand of flame (4)
 x - a wand of acid (5)
 B - a wand of mindburst (5)
 H - a wand of charming (10)
 J - a wand of polymorph (7)
Scrolls
 o - 3 scrolls of enchant armour
 p - 4 scrolls of amnesia
 q - 2 scrolls of revelation
 r - 3 scrolls of vulnerability
 u - a scroll of silence
 y - a scroll of summoning
 I - a scroll of torment {unknown}
 L - a scroll of fog
Potions
 a - a potion of resistance
 g - 2 potions of mutation
 l - a potion of brilliance
 m - a potion of heal wounds {unknown}
 n - 2 potions of haste
 s - a potion of might
 t - 2 potions of ambrosia
 v - 2 potions of invisibility
 w - 2 potions of curing
 z - a potion of berserk rage {unknown}
 A - a potion of cancellation
 K - a potion of attraction {unknown}
Miscellaneous
 E - a sack of spiders
 F - a phantom mirror


   Skills:
 - Level 8.1 Fighting
 - Level 8.0 Dodging
 - Level 7.2 Stealth
 - Level 7.1 Shields
 - Level 8.4 Unarmed Combat
 + Level 10.0 Evocations
 - Level 9.0 Shapeshifting


You had 11 spell levels left.
You didn't know any spells.
Your spell library contained the following spells:

 Spells                   Type           Power      Damage    Failure   Level
 Kiss of Death            Conj/Necr      0%         2d5       9%          1
 Ensorcelled Hibernation  Hex/Ice        0%         N/A       13%         2
 Passwall                 Tmut/Erth      0%         N/A       13%         2
 Poisonous Vapours        Pois/Air       0%         N/A       13%         2
 Scorch                   Fire           0%         2d5       13%         2
 Confusing Touch          Hex            0%         N/A       26%         3
 Mephitic Cloud           Conj/Pois/Air  0%         N/A       26%         3
 Anguish                  Hex/Necr       0%         N/A       61%         4
 Dispel Undead            Necr           0%         3d6       61%         4
 Flame Wave               Conj/Fire      0%         2d4       61%         4
 Leda's Liquefaction      Hex/Erth       0%         N/A       61%         4
 Freezing Cloud           Conj/Ice/Air   0%         6-21      91%         5
 Lee's Rapid Deconstruct  Erth           0%         3d4*      91%         5
 Leda's Unmaking          Conj/Erth      0%         9d1       100%        6
 Summon Cactus Giant      Summ           0%         N/A       100%        6


Dungeon Overview and Level Annotations

Branches:
Dungeon (12/15)            Temple (0/1) D:7            Lair (0/5) D:8
    Orc (0/2) D:11        Ossuary (visited)

Altars:
Ashenzari
Cheibriados
Dithmenos
Elyvilon
Fedhas
Gozag
Hepliaklqana
Kikubaaqudgha
Makhleb
Nemelex Xobeh
Okawaru
Qazlal
Ru
Sif Muna
Trog
Uskayaw
Vehumet
Wu Jian
Xom
Yredelemnul
Zin
The Shining One

Shops:
D:11 =

Annotations:
D:7 3 runed translucent doors, billz999's ghost, novice TeAE


Innate Abilities, Weirdness & Mutations

You are a hulking beast.
Your limbs bulge with bestial killing power. (Slay +6)
You cannot wear most types of armour.
You are amphibious.
You can wear up to eight rings at the same time.
Your skin changes colour to match your surroundings (Stealth+).
Your rubbery body absorbs attacks. (AC +1, EV +1)
((You are camouflaged when in or above water. (Stealth+)))
You have tentacles for arms and can constrict up to eight enemies at once.


Message History

You tentacle-slap the deep elf pyromancer.
Your grab misses the deep elf pyromancer.
The deep elf pyromancer is lightly wounded.
You block the deep elf pyromancer's attack.
The fire elemental is distracted by your dazzling golden aura.
The fire elemental hits you. The fire elemental burns you!
* * * LOW HITPOINT WARNING * * *
The deep elf pyromancer hits you with a +0 long sword!
* * * LOW HITPOINT WARNING * * *
Unknown command.
Okay, then.
You feel better.
The fire elemental completely misses you.
The fire elemental closely misses you.
You block the deep elf pyromancer's attack.
Unknown command.
As you read the scroll of fear, it crumbles to dust.
You assume a fearsome visage.
The fire elemental is unaffected.
The deep elf pyromancer looks frightened!
The fire elemental is unaffected.
The fire elemental is no longer distracted by gold.
You block the fire elemental's attack.
The fire elemental completely misses you.
The deep elf pyromancer casts a spell.
The deep elf pyromancer blinks!
The fire elemental hits you. The fire elemental burns you!
* * * LOW HITPOINT WARNING * * *
The fire elemental closely misses you.
The deep elf pyromancer casts a spell.
The deep elf pyromancer blinks!
You hear a shout!
You feel yourself speed up. The fire elemental barely misses you.
You block the fire elemental's attack. x2; The fire elemental hits you.
The fire elemental burns you!
* * * LOW HITPOINT WARNING * * *
You feel better. The fire elemental hits you.
* * * LOW HITPOINT WARNING * * *
The fire elemental burns you!
You die...
Your body crumbles into a pile of gold.

.#.#.# #.# # #..T@# .....#
#.. #.#
'#########+#########T#####.#
.....#..##..#..#.o○u3......#
.#...##.#.#.##.#.########...
##...###..##.^##.#
.#...##.##..#.##.#
.....'..###.##.EE#
..^..####..##..#h#
.#...##.##.#.###$#
.....#..#.#..# #.#
####.###..###..#.# #
#.#####'#####.# ##
#.............#
.######.##########
.....##.##### ....÷.#.....#


You could see 2 fire elementals and an orc wizard.

Vanquished Creatures
  Frances (D:12)
  A centaur warrior (D:9)
  5 two-headed ogres
  Urug (D:12)
  A deep elf pyromancer (D:9)
  2 ugly things
  2 manticores
  2 cyclopes (D:12)
  An unseen horror (D:11)
  A gargoyle (D:11)
  5 trolls
  A ynoxinul (D:8)
  A shadow (D:12)
  3 wraiths
  Sigmund (D:6)
  A vampire (D:10)
  22 yaks
  2 wyverns
  A steam dragon (D:9)
  A basilisk (D:12)
  A warg (D:11)
  Edmund (D:4)
  9 vampire mosquitoes
  2 acid dragons
  2 water moccasins
  Duvessa (D:4)
  3 orc warriors
  2 ice beasts
  A sky beast (D:7)
  A hornet zombie (Ossuary)
  2 black bears
  An ogre (D:4)
  4 centaurs
  2 phantoms
  3 bullfrogs
  2 kobold brigands
  A gnoll sergeant (D:8)
  2 scorpions (D:6)
  2 wyvern zombies (Ossuary)
  2 water moccasin zombies (Ossuary)
  7 wights
  Dowan (D:3)
  3 killer bees (D:7)
  6 howler monkeys
  8 bullfrog zombies
  3 hounds
  2 centaur zombies (Ossuary)
  A jelly (D:5)
  A gnoll bouda (D:6)
  Crazy Yiuf (D:4)
  A sleepcap (D:5)
  4 orc priests
  14 mummies (Ossuary)
  An iguana (D:6)
  7 orc wizards
  2 killer bee zombies (Ossuary)
  A howler monkey zombie (D:6)
  Robin (D:3)
  16 gnolls
  3 adders
  2 shadow imps
  A white imp (D:8)
  An ufetubus (D:5)
  2 worms
  A dart slug (D:3)
  33 orcs
  7 ball pythons
  3 bats (D:3)
  6 endoplasms
  2 giant cockroaches
  22 goblins
  4 hobgoblins
  5 jackals
  14 kobolds
  3 quokkas
  6 frilled lizards
  A jackal zombie (D:6)
  11 rats
  A rat zombie (D:6)
307 creatures vanquished.

Notes
Turn   | Place    | Note
-------+----------+-------------------------------------------
     0 | D:1      | Maxmaps the Octopode Shapeshifter began the quest for the
                  | Orb.
     0 | D:1      | Reached XP level 1. HP: 13/13 MP: 1/1
   121 | D:1      | Reached XP level 2. HP: 15/18 MP: 2/2
   417 | D:1      | Reached XP level 3. HP: 23/23 MP: 3/3
   816 | D:2      | Reached XP level 4. HP: 28/28 MP: 4/4
   902 | D:2      | Found a bloodstained altar of Trog.
  1188 | D:3      | Found a hazy altar of Hepliaklqana.
  1341 | D:3      | Noticed Robin
  1351 | D:3      | Killed Robin
  1352 | D:3      | Reached skill level 5 in Unarmed Combat
  1709 | D:3      | Found a glowing golden altar of the Shining One.
  1850 | D:3      | Identified the +0 scale mail "Nocoq" {+Blink Fly Str+8
                  | Int-4}
  2029 | D:4      | Noticed Dowan
  2032 | D:4      | Noticed Duvessa
  2048 | D:3      | Killed Dowan
  2049 | D:3      | Reached XP level 5. HP: 14/33 MP: 5/5
  2287 | D:4      | Killed Duvessa
  2288 | D:4      | Reached XP level 6. HP: 25/38 MP: 6/6
  2380 | D:4      | Found a hide-covered altar of Uskayaw.
  2671 | D:4      | Noticed Edmund
  2687 | D:4      | Killed Edmund
  2688 | D:4      | Reached XP level 7. HP: 34/46 MP: 7/7
  2754 | D:4      | Found a runed translucent door.
  2755 | D:4      | Noticed Crazy Yiuf
  2779 | D:4      | Killed Crazy Yiuf
  3240 | D:5      | Entered Level 5 of the Dungeon
  3410 | D:5      | Reached skill level 5 in Fighting
  3416 | D:5      | HP: 2/50 [centaur (5)]
  3943 | D:5      | Reached XP level 8. HP: 55/57 MP: 8/8
  4065 | D:5      | Found a radiant altar of Vehumet.
  4343 | D:6      | Noticed a wyvern
  4356 | D:6      | HP: 1/58 [wyvern (5)]
  4357 | D:6      | Killed a wyvern
  4534 | D:6      | Found an opulent altar of Gozag.
  4550 | D:6      | Became a worshipper of Gozag Ym Sagoz the Greedy
  4566 | D:6      | Identified a scroll of acquirement
  4566 | D:6      | Acquired the amulet of Brawling {Regen+ Slay+2}
  4629 | D:6      | Found a sand-covered staircase.
  4672 | Ossuary  | Entered an ossuary
  4740 | Ossuary  | Reached XP level 9. HP: 66/66 MP: 9/9
  4830 | Ossuary  | Reached skill level 5 in Dodging
  5232 | D:6      | Found a shadowy altar of Dithmenos.
  5299 | D:6      | Noticed Sigmund
  5308 | D:6      | Killed Sigmund
  5586 | D:6      | Reached skill level 1 in Stealth
  5740 | D:6      | Found a basalt altar of Yredelemnul.
  5815 | D:6      | Found a stormy altar of Qazlal.
  6056 | D:7      | Reached skill level 5 in Stealth
  6060 | D:7      | Reached XP level 10. HP: 68/72 MP: 10/10
  6206 | D:7      | Found a runed translucent gate.
  6206 | D:7      | Found a runed translucent gate.
  6206 | D:7      | Found a runed translucent gate.
  6207 | D:7      | Noticed billz999's ghost (novice TeAE)
  6376 | D:7      | Found a staircase to the Ecumenical Temple.
  6718 | D:8      | Noticed a death yak
  6719 | D:8      | Noticed a death yak
  6719 | D:8      | Noticed a death yak
  6720 | D:8      | Noticed a death yak
  6721 | D:8      | Noticed a death yak
  6721 | D:8      | Noticed a death yak
  6810 | D:8      | Found a shimmering blue altar of Sif Muna.
  6820 | D:8      | Got Sif Muna's Atlas of Toxicity and the Figure
  6871 | D:8      | Found a staircase to the Lair.
  6980 | D:8      | Found an ornate altar of the Wu Jian Council.
  7013 | D:8      | Found a bloodstained altar of Trog.
  7063 | D:8      | Found a sacrificial altar of Ru.
  7064 | D:8      | Found an ancient bone altar of Kikubaaqudgha.
  7277 | D:8      | Found a white marble altar of Elyvilon.
  7301 | D:8      | Identified the +7 war axe of Doom {flame, rElec rN+ Str+4}
  7330 | D:8      | Reached skill level 5 in Shapeshifting
  7489 | D:8      | Reached skill level 1 in Shields
  7697 | D:9      | Found a sparkling altar of Nemelex Xobeh.
  7797 | D:9      | Found an iron altar of Okawaru.
  7951 | D:9      | Noticed a two-headed ogre
  7964 | D:9      | Killed a two-headed ogre
  7965 | D:9      | Reached skill level 5 in Shields
  8268 | D:9      | Noticed a centaur warrior
  8269 | D:9      | Noticed a centaur warrior
  8270 | D:9      | Noticed a deep elf pyromancer
  8461 | D:9      | Killed a centaur warrior
  8462 | D:9      | Reached XP level 11. HP: 66/77 MP: 11/11
  8519 | D:9      | Killed a deep elf pyromancer
  8545 | D:9      | Found a glowing silver altar of Zin.
  8783 | D:10     | Entered Level 10 of the Dungeon
  8835 | D:10     | Noticed a two-headed ogre
  8838 | D:10     | Noticed a two-headed ogre
  8949 | D:10     | Killed a two-headed ogre
  8986 | D:10     | Found a broken altar of Ashenzari.
  9053 | D:10     | Found a burning altar of Makhleb.
  9204 | D:10     | Killed a two-headed ogre
  9261 | D:10     | Found a snail-covered altar of Cheibriados.
  9261 | D:10     | Found a shimmering altar of Xom.
  9520 | D:10     | Found a blossoming altar of Fedhas.
  9636 | D:11     | Found Paetum's Jewellery Shoppe.
  9683 | D:11     | Noticed a manticore
  9685 | D:11     | Noticed a purple ugly thing
  9991 | D:11     | Found a staircase to the Orcish Mines.
 10036 | D:11     | Killed a purple ugly thing
 10099 | D:11     | Killed a manticore
 10183 | D:11     | Reached XP level 12. HP: 82/82 MP: 12/12
 10199 | D:11     | Reached skill level 1 in Evocations
 10237 | D:11     | Reached skill level 2 in Evocations
 10251 | D:11     | Reached skill level 3 in Evocations
 10486 | D:11     | Reached skill level 4 in Evocations
 10683 | D:12     | Noticed a two-headed ogre
 10732 | D:12     | Killed a two-headed ogre
 10733 | D:12     | Reached skill level 5 in Evocations
 10816 | D:12     | Noticed Urug
 10827 | D:12     | Killed Urug
 10828 | D:12     | Reached skill level 6 in Evocations
 10961 | D:12     | Noticed a crystal guardian
 10981 | D:12     | Reached skill level 7 in Evocations
 11037 | D:12     | Noticed a two-headed ogre
 11040 | D:12     | Killed a two-headed ogre
 11123 | D:12     | Reached skill level 8 in Evocations
 11312 | D:12     | Noticed Frances
 11321 | D:12     | Noticed a sun demon
 11342 | D:12     | Killed Frances
 11343 | D:12     | Reached skill level 9 in Evocations
 11346 | D:12     | Reached skill level 10 in Evocations
 11356 | D:12     | HP: 2/82 [fire elemental[a deep elf pyromancer] (12)]
 11357 | D:12     | Slain by a fire elemental

Illustrated notes

Levels and vault maps discovered:
D:1:      eino_arrival_cavern_d, layout_basic
D:2:      layout_rooms, basic_altar, minmay_misc_feat_rugged, interstate_on_off
D:3:      layout_loops_ring, nzn_hepliaklqana_mist_gate,
          mainiacjoe_overflow_cross_hatched, uniq_robin
D:4:      layout_loops_ring, eat_drink_and_be_merry_uskayaw, uniq_edmund,
          uniq_crazy_yiuf_cottage, uniq_duvessa
D:5:      layout_basic, kennysheep_little_box, minmay_gold_behind_fungi,
          dreamdust_princess_bridge
D:6:      layout_basic, lemuel_zombie_altar_yredelemnul,
          mainiacjoe_overflow_surrounded_room, lemuel_coloured_pillars_altar,
          grunt_gozag_breadcrumbs, enter_ossuary_3, uniq_sigmund
D:7:      layout_basic, temple_doors_e, ebering_ghost_rock_garden
D:8:      layout_gridville, nzn_overflow_gifts_of_might_and_magic,
          grunt_temple_overflow_open, nzn_wu_jian_council_hall,
          dpeg_lair_monsters, minmay_misc_feat_pillars, minmay_microvault
D:9:      minmay_blocky_corners, layout_irregular_city, okawaru_metal_pillars_3,
          nicolae_overflow_hidden_temple, mainiacjoe_overflow_paths,
          serial_co_window_serial, co_window_paths_a, co_window_paths_a,
          co_window_corner_a, co_window_corner_a, co_window_of_opportunity_a,
          co_window_corner_a, co_window_paths_a, co_window_paths_a,
          co_window_paths_a, co_window_corner_ca, co_window_of_opportunity_b,
          co_window_unsneaky_path_d, co_window_unsneaky_path_e,
          co_window_corner_cb, glass_columns_b, glass_columns_a, billiards_dpeg
D:10:     layout_basic, nicolae_ashenzari_skybound,
          mainiacjoe_overflow_brackets, gammafunk_temple_overflow_elements,
          fedhas_altar_fruit_tree
D:11:     layout_irregular_city, erik_orc_4, serial_shops,
          nicolae_shop_waterfront, nicolae_figureground_sparkle
D:12:     minmay_the_grid_plus [minmay_the_grid_embedded,
          minmay_the_grid_all_tris, minmay_the_grid_zigzag_pyramid,
          minmay_the_grid_gridbox, minmay_the_grid_prize_diamond_cup],
          layout_loops_corners, grunt_ogre_cave,
          nicolae_elyvilon_peaceful_grove, uniq_frances, uniq_urug

Skill      XL: |  1  2  3  4  5  6  7  8  9 10 11 12 |
---------------+-------------------------------------+-----
Unarmed Combat | 4 5 6 7 8 |  8.4
Fighting       | 3 5 8 |  8.1
Dodging        | 4 8 |  8.0
Stealth        | 6 7 |  7.2
Shapeshifting  | 5 9 |  9.0
Shields        | 7 |  7.1
Evocations     | 10 | 10.0

Action                     |  1- 3 |  4- 6 |  7- 9 | 10-12 || total
---------------------------+-------+-------+-------+-------++-------
  Melee: Unarmed           |    69 |   104 |   274 |   424 ||   871
         Tentacles         |    14 |    15 |    70 |   127 ||   226
         Constrict         |    17 |    23 |    60 |    56 ||   156
         Punch             |       |     5 |    12 |    21 ||    38
 Invoke: Potion Petition   |       |       |       |     2 ||     2
    Use: Scroll            |       |     8 |     5 |    14 ||    27
         Potion            |       |     1 |     4 |     8 ||    13
   Stab: Sleeping          |     9 |     4 |    10 |    11 ||    34
         Distracted        |       |       |     1 |     3 ||     4
 Armour: Skin              |     2 |     9 |    24 |    46 ||    81
  Dodge: Dodged            |    38 |    51 |   209 |   337 ||   635
  Block: Buckler           |       |       |       |    95 ||    95

Table legend: (Time is in decaauts)
 A = Elapsed time spent in this place.
 B = Non-inter-level travel time spent in this place.
 C = Inter-level travel time spent in this place.
 D = Time resting spent in this place.
 E = Time spent auto-exploring this place.
 F = Levels seen in this place.
 G = Mean time per level.
                   A        B        C        D        E       F      G
               +--------+--------+--------+--------+--------+-----+--------+
         Total |  11254 |  10713 |    541 |   1127 |   7090 |  13 |  865.7 |
       Dungeon |  10854 |  10313 |    541 |   1127 |   6882 |  12 |  904.5 |
       Ossuary |    399 |    399 |      0 |      0 |    208 |   1 |  399.0 |
               +--------+--------+--------+--------+--------+-----+--------+

Top non-repeatable levels by time:
     D:9: 1233 daAuts
     D:6: 1179 daAuts
     D:5: 1065 daAuts
     D:3: 1051 daAuts
     D:4: 1018 daAuts
    D:11: 956 daAuts
    D:10: 899 daAuts
     D:8: 827 daAuts
     D:7: 792 daAuts
    D:12: 681 daAuts
     D:1: 632 daAuts
     D:2: 516 daAuts
 Ossuary: 399 daAuts
